 Dungeon Crawl Stone Soup version 0.30.0-5-g1a98f26d00 (webtiles) character file.

Game seed: 5811009258699011806

505 jimonade the Chopper (level 7, 0/49 HPs)
             Began as an Octopode Monk on May 10, 2023.
             Splashed by a jelly's acid (4 damage)
             ... on level 5 of the Dungeon.
             The game lasted 00:07:12 (3740 turns).

jimonade the Chopper (Octopode Monk)                Turns: 3740, Time: 00:07:12

Health: 0/49       AC: -7    Str: 12    XL:     7   Next: 18%
Magic:  7/7        EV: 14    Int: 12    God:
Gold:   306        SH:  0    Dex: 15    Spells: 7/7 levels left

rFire   + . .        a - +0 hand axe
rCold   . . .        c - orb {light}
rNeg    . . .        (helmet restricted)
rPois   +            (no amulet)
rElec   .            s - ring of flight
rCorr   .            t - ring of poison resistance
SInv    .            C - ring of protection from fire
Will    .....        (no ring)
Stlth   +            (no ring)
HPRegen 0.28/turn    (no ring)
MPRegen 0.10/turn    (no ring)
                     (no ring)

%: no passive effects
@: corroded, flying, glowing
A: almost no armour, amphibious, 8 rings, camouflage 1, gelatinous body 1,
(nimble swimmer 1), tentacles
a: no special abilities


You were on level 5 of the Dungeon.
You visited 1 branch of the dungeon, and saw 5 of its levels.

You collected 306 gold pieces.

Inventory:

Hand Weapons
 a - a +0 hand axe (weapon)
 o - a +0 sling
 r - a +0 sling
 u - a +0 hand axe
Missiles
 g - 7 boomerangs (quivered)
 m - 2 javelins
 n - a throwing net
 q - 39 stones
 D - 3 poisoned darts
Armour
 c - an orb of light (worn)
 v - an orb of mayhem
Jewellery
 s - a ring of flight (left tentacle)
 t - a ring of poison resistance (right tentacle)
 y - a ring of fire
 C - a ring of protection from fire (on tentacle)
Scrolls
 d - 4 scrolls of teleportation {unknown}
 f - 5 scrolls of identify {unknown}
 i - 4 scrolls of vulnerability {unknown}
 l - a scroll of acquirement {unknown}
 p - a scroll of silence {unknown}
 w - a scroll of magic mapping {unknown}
 z - a scroll of poison {unknown}
 A - a scroll of amnesia {unknown}
 E - a scroll of noise {unknown}
 F - a scroll of enchant weapon {unknown}
Potions
 b - a potion of ambrosia
 e - 2 potions of mutation {unknown}
 h - 2 potions of resistance {unknown}
 j - 2 potions of haste {unknown}
 k - a potion of degeneration {unknown}
 x - a potion of curing {unknown}
 B - a potion of flight {unknown}
 G - a potion of brilliance {unknown}


   Skills:
 + Level 4.6 Fighting
 + Level 6.1 Axes
 + Level 4.2 Dodging
 * Level 0.5 Spellcasting
 * Level 0.7 Ice Magic


You had 7 spell levels left.
You didn't know any spells.
Your spell library contained the following spells:

 Spells                   Type           Power      Damage    Failure   Level
 Freeze                   Ice            8%         1d3       24%         1
 Shock                    Conj/Air       0%         1d3       32%         1
 Blink                    Tloc           0%         N/A       43%         2
 Lesser Beckoning         Tloc           0%         N/A       43%         2
 Momentum Strike          Conj/Tloc      0%         3d8       43%         2
 Sublimation of Blood     Necr           0%         N/A       43%         2
 Frozen Ramparts          Ice            4%         1d1       56%         3
 Hailstorm                Conj/Ice       1%         3d3       63%         3
 Call Canine Familiar     Summ           0%         N/A       67%         3
 Portal Projectile        Hex/Tloc       0%         N/A       67%         3
 Swiftness                Air            0%         N/A       67%         3
 Airstrike                Air            0%         2d(0-16)  97%         4
 Leda's Liquefaction      Hex/Erth       0%         N/A       97%         4
 Petrify                  Tmut/Erth      0%         N/A       97%         4
 Irradiate                Conj/Tmut      0%         3d11      100%        5


Dungeon Overview and Level Annotations

Branches:
Dungeon (5/15)
 Temple: D:4-7

Altars:
Dithmenos
Okawaru

Shops:
D:1 :

Annotations:
D:3 3 runed translucent doors, Exaltedone87's ghost, weakling AtFi; Huckebein's ghost, amateur GrMo; SnakkuSnakku7's ghost, amateur OgDe; mnelsen79's ghost, amateur MiBe


Innate Abilities, Weirdness & Mutations

You cannot wear most types of armour.
You are amphibious.
You can wear up to eight rings at the same time.
Your skin changes colour to match your surroundings (Stealth+).
Your rubbery body absorbs attacks. (AC +1, EV +1)
((You are camouflaged when in or above water. (Stealth+)))
You have tentacles for arms and can constrict up to eight enemies at once.


Message History

You squeeze the scorpion.
The scorpion is severely wounded.
You constrict the scorpion, but do no damage.
The scorpion completely misses you.
You hit the scorpion.
You kill the scorpion!
No target in view!
HP restored.
A jelly comes into view.
Found 9 gold pieces.
You hit the jelly.
Your tentacles burn!
The jelly is lightly wounded.
The jelly hits you. The acid corrodes you!
You are splashed with acid.
You hit the jelly. The acid corrodes you!
Your tentacles burn!
You squeeze the jelly, but do no damage.
The jelly is moderately wounded.
The jelly misses you.
You hit the jelly but do no damage.
Your tentacles burn!
The jelly is moderately wounded.
The jelly completely misses you.
You hit the jelly but do no damage.
Your tentacles burn!
The jelly is moderately wounded.
The jelly hits you.
You are splashed with acid!
You are too injured to fight recklessly!
You are too injured to fight recklessly!
You are too injured to fight recklessly!
You hit the jelly.
Your tentacles burn!
You tentacle-slap the jelly, but do no damage.
The jelly is moderately wounded.
The jelly misses you.
You hit the jelly.
Your tentacles burn!
* * * LOW HITPOINT WARNING * * *
You squeeze the jelly, but do no damage.
The jelly is heavily wounded.
The jelly hits you.
* * * LOW HITPOINT WARNING * * *
You are splashed with acid!
* * * LOW HITPOINT WARNING * * *
You hit the jelly but do no damage.
Your tentacles burn!
You die... .PP$ ..~~ PP.

....... .. .......
###. ....... ...##
....... ###
#.J##...?... #..
#@.#....... #.#
##......... #.#
##........ #.#
#.#+###+# #.#
#.†.....# ####..
#...##### #....#
.####+#...#####.##'#
......†.#....##.#...
........#....>..#...


You could see a jelly.

Vanquished Creatures
  Sigmund (D:3)
  2 scorpions (D:5)
  A howler monkey (D:4)
  Natasha (twice) (D:3)
  Robin (D:3)
  6 adders
  A worm (D:3)
  A dart slug (D:1)
  6 orcs
  2 bats
  An endoplasm (D:3)
  A giant cockroach (D:3)
  16 goblins
  10 hobgoblins
  7 jackals
  3 kobolds
  3 quokkas
  7 ball pythons
  4 frilled lizards
  4 rats
79 creatures vanquished.

Notes
Turn   | Place    | Note
-------+----------+-------------------------------------------
     0 | D:1      | jimonade the Octopode Monk began the quest for the Orb.
     0 | D:1      | Reached XP level 1. HP: 16/16 MP: 1/1
   132 | D:1      | Found Jifyusa's Book Shoppe.
   148 | D:1      | Reached XP level 2. HP: 18/21 MP: 2/2
   793 | D:2      | Reached XP level 3. HP: 20/26 MP: 3/3
   877 | D:2      | Identified the +2 helmet "Baplesocada" {Dex+3}
  1141 | D:2      | Reached XP level 4. HP: 28/32 MP: 4/4
  1273 | D:2      | Reached skill level 4 in Axes
  1350 | D:2      | Found a faded altar of an unknown god.
  1836 | D:3      | Noticed Natasha
  1843 | D:3      | Killed Natasha
  2023 | D:3      | Found a shadowy altar of Dithmenos.
  2096 | D:3      | Noticed Natasha
  2103 | D:3      | Killed Natasha
  2104 | D:3      | Reached XP level 5. HP: 19/37 MP: 5/5
  2225 | D:3      | Noticed Robin
  2239 | D:3      | Killed Robin
  2392 | D:3      | Noticed Sigmund
  2411 | D:3      | Killed Sigmund
  2412 | D:3      | Reached skill level 5 in Axes
  2412 | D:3      | Reached XP level 6. HP: 34/44 MP: 6/6
  2526 | D:3      | Found a runed translucent gate.
  2526 | D:3      | Found a runed translucent gate.
  2527 | D:3      | Found a runed translucent gate.
  2527 | D:3      | Noticed Huckebein's ghost (amateur GrMo)
  2527 | D:3      | Noticed Exaltedone87's ghost (weakling AtFi)
  2529 | D:3      | Noticed mnelsen79's ghost (amateur MiBe)
  2532 | D:3      | Noticed SnakkuSnakku7's ghost (amateur OgDe)
  2970 | D:4      | Found an iron altar of Okawaru.
  3520 | D:5      | Entered Level 5 of the Dungeon
  3706 | D:5      | Reached skill level 6 in Axes
  3706 | D:5      | Reached XP level 7. HP: 45/49 MP: 7/7
  3740 | D:5      | Splashed by a jelly's acid

Illustrated notes

Levels and vault maps discovered:
D:1:      minmay_arrival_doors, layout_loops_cross, serial_shops,
          nicolae_shop_stone
D:2:      layout_basic, hellmonk_ecumenical_altar_lost_god
D:3:      layout_basic, lemuel_doored_altar, gammafunk_ghost_cemetery,
          uniq_robin, uniq_natasha, uniq_sigmund
D:4:      layout_loops_corners, okawaru_gym_becter
D:5:      layout_basic, dreamdust_gnoll_farm, uniq_crazy_yiuf_cottage

Skill      XL: |  1  2  3  4  5  6 |
---------------+-------------------+-----
Axes           | 4 5 6 |  6.1
Fighting       | 4 |  4.6
Dodging        | 4 |  4.2
Spellcasting   | |  0.5
Ice Magic      | |  0.7

Action                     |  1- 3 |  4- 6 |  7- 9 || total
---------------------------+-------+-------+-------++-------
  Melee: Hand axe          |    45 |    96 |    10 ||   151
         Tentacles         |     5 |    28 |     4 ||    37
         Constrict         |    13 |    33 |     1 ||    47
         Punch             |       |     1 |     1 ||     2
   Stab: Sleeping          |     1 |     2 |       ||     3
 Armour: Skin              |     4 |     3 |       ||     7
  Dodge: Dodged            |    33 |    54 |     4 ||    91
